 Dungeon Crawl Stone Soup version 0.30.1-11-g7821555f0a (webtiles) character file.

Game seed: 5762437498318195022

277 ChrisAssaf the Charlatan (level 6, 44/44 HPs)
             Began as a Human Artificer on Dec 9, 2023.
             Quit the game on level 5 of the Dungeon.
             The game lasted 00:07:26 (1026 turns).

ChrisAssaf the Charlatan (Human Artificer)          Turns: 1026, Time: 00:07:27

Health: 44/44      AC:  9    Str: 12    XL:     6   Next: 51%
Magic:  6/6        EV:  6    Int: 13    God:
Gold:   103        SH:  0    Dex: 14    Spells: 5/5 levels left

rFire   . . .        m - +1 short sword (heavy)
rCold   . . .        (no shield)
rNeg    + . .        k - +0 chain mail
rPois   .            (no helmet)
rElec   .            (no cloak)
rCorr   .            (no gloves)
SInv    .            (no boots)
Will    .....        (no amulet) Stlth
                     g - ring of positive energy
HPRegen 0.27/turn    (no ring)
MPRegen 0.10/turn

%: no passive effects
@: no status effects
A: no striking features
a: no special abilities


You were on level 5 of the Dungeon.
You visited 1 branch of the dungeon, and saw 5 of its levels.

You collected 103 gold pieces.

Inventory:

Hand Weapons
 f - a +2 sling
 m - a +1 heavy short sword (weapon)
 n - a +2 dagger of holy wrath
Armour
 b - a +0 leather armour
 k - a +0 chain mail (worn)
Jewellery
 g - a ring of positive energy (left hand)
 h - a ring of flight
Wands
 c - a wand of flame (9) (quivered)
 d - a wand of charming (13)
Potions
 a - a potion of invisibility {unknown}
 i - a potion of berserk rage {unknown}
 j - a potion of curing {unknown}
 o - 2 potions of brilliance


   Skills:
 * Level 2.2 Fighting
 * Level 0.6 Short Blades
 - Level 2.6 Ranged Weapons
 * Level 2.7 Armour
 * Level 1.9 Dodging
 * Level 2.2 Stealth
 * Level 4.4 Evocations


You had 5 spell levels left.
You didn't know any spells.
Your spell library was empty.

Dungeon Overview and Level Annotations

Branches:
Dungeon (5/15)
 Temple: D:4-7

Altars:

Shops:
D:3 (

Annotations:
D:2 Natasha
D:3 2 transporters, jujuben's ghost, amateur OpFE


Message History

Aim: a hound (almost dead, 64% to hit)
The puff of flame hits the hound!
You kill the hound!
Unknown command.
Aiming: Throw Flame
Press: ? - help, Q - select action, (/) - cycle Shift-Dir - straight line, f - sleepcap
Aim: a sleepcap (heavily damaged, 100% to hit)
The puff of flame hits the sleepcap!
The sleepcap is almost destroyed.
Aiming: Throw Flame
Press: ? - help, Q - select action, (/) - cycle Shift-Dir - straight line, f/p - sleepcap
Aim: a sleepcap (almost destroyed, 100% to hit)
The puff of flame hits the sleepcap.
You destroy the sleepcap!
Unknown command.
Found a leather armour.
Found a helmet.
You see here a +0 leather armour.
Found an escape hatch in the ceiling.
An orc comes into view. It is wielding a +0 mace.
The orc shouts!
The orc closely misses you.
You puncture the orc!
You kill the orc!
You see here a +0 mace.
There is an escape hatch in the ceiling here.
There is a stone staircase leading up here.
There is a stone staircase leading up here.
You aren't carrying any scrolls.
Found a scroll labelled CEW EFOFIGAMU.
e - a scroll labelled CEW EFOFIGAMU
Aiming: Throw Flame
Press: ? - help, Q - select action, (/) - cycle Shift-Dir - straight line, f - you
Okay, then.
As you read the scroll labelled CEW EFOFIGAMU, it crumbles to dust.
It is a scroll of identify.
o - 2 potions of brilliance Welcome back, ChrisAssaf the Human Artificer.
Press ? for a list of commands and other information.
Are you sure you want to abandon this character and quit the game? (Confirm with "yes".)

###
########.##########
.......@..........#
########.########.#
### #.# #.# #.# #.#
#.# ### #.## ... ##
#..#


There were no monsters in sight!

Vanquished Creatures
  Sigmund (D:2)
  A hound (D:5)
  Terence (D:2)
  A sleepcap (D:5)
  An adder (D:2)
  3 orcs
  3 bats
  An endoplasm (D:2)
  2 giant cockroaches (D:3)
  5 goblins
  2 hobgoblins
  2 kobolds
  2 quokkas
  A ball python (D:3)
  3 frilled lizards
  5 rats
34 creatures vanquished.

Vanquished Creatures (collateral kills)
  A hobgoblin (D:2)
1 creature vanquished.

Vanquished Creatures (others)
  A ball python (D:2)
1 creature vanquished.

Grand Total: 36 creatures vanquished

Notes
Turn   | Place    | Note
-------+----------+-------------------------------------------
     0 | D:1      | ChrisAssaf the Human Artificer began the quest for the Orb.
     0 | D:1      | Reached XP level 1. HP: 15/15 MP: 1/1
   169 | D:1      | Reached XP level 2. HP: 12/21 MP: 2/2
   262 | D:2      | Noticed Sigmund
   267 | D:2      | Killed Sigmund
   268 | D:2      | Reached skill level 4 in Evocations
   268 | D:2      | Reached XP level 3. HP: 27/27 MP: 3/3
   268 | D:2      | Reached XP level 4. HP: 33/33 MP: 4/4
   268 | D:2      | Reached XP level 5. HP: 38/38 MP: 5/5
   455 | D:2      | Noticed Natasha
   457 | D:2      | Noticed Terence
   467 | D:2      | Killed Terence
   468 | D:2      | Reached XP level 6. HP: 40/44 MP: 6/6
   491 | D:2      | You fall into a shaft and drop 1 floor!
   553 | D:3      | Identified the +7 great mace of Qiuho {freeze, rPois}
   553 | D:3      | Noticed an ogre
   555 | D:3      | Found a transporter.
   555 | D:3      | Noticed jujuben's ghost (amateur OpFE)
   557 | D:3      | Noticed an ogre
   561 | D:3      | Found a transporter.
   753 | D:3      | Found Daisycve's Weapon Boutique.
   840 | D:5      | Entered Level 5 of the Dungeon
  1026 | D:5      | Quit the game

Illustrated notes

Levels and vault maps discovered:
D:1:      sevenhm_arrival_forest_fort_small_3, layout_basic
D:2:      layout_basic, hellmonk_ecumenical_altar_arch_garden, uniq_sigmund,
          uniq_terence, uniq_natasha
D:3:      layout_basic, serial_shops, nicolae_shop_stone, gammafunk_ghost_smash,
          minmay_misc_feat_tower, kennysheep_jessica_study
D:4:      layout_loops_ring
D:5:      layout_loops_ring, uniq_duvessa, uniq_prince_ribbit1

Skill      XL: |  1  2  3  4  5 |
---------------+----------------+-----
Ranged Weapons | 2 |  2.6
Evocations     | 4 |  4.4
Fighting       | 2 |  2.2
Stealth        | 2 |  2.2
Short Blades   | |  0.6
Armour         | |  2.7
Dodging        | |  1.9

Action                     |  1- 3 |  4- 6 || total
---------------------------+-------+-------++-------
  Melee: Short sword       |       |    11 ||    11
   Fire: Sling             |    25 |    64 ||    89
  Evoke: Wand              |     4 |     9 ||    13
    Use: Scroll            |       |     7 ||     7
 Armour: Leather armour    |     8 |    25 ||    33
         Chain mail        |       |    19 ||    19
  Dodge: Dodged            |    26 |    50 ||    76
